 Dungeon Crawl Stone Soup version 0.18-a0-1292-ge8ad84c (webtiles) character file.

420 FrancescoMac the Ruffian (level 6, 0/61 HPs)
             Began as a Troll Monk on Feb 9, 2016.
             Succumbed to a scorpion's poison
             ... on level 5 of the Dungeon.
             The game lasted 00:11:18 (2958 turns).

FrancescoMac the Ruffian (Troll Monk)               Turns: 2958, Time: 00:11:18

Health: 0/61       AC:  6    Str: 21    XL:     6   Next: 62%
Magic:  5/5        EV: 11    Int:  6    God:
Gold:   228        SH:  0    Dex: 13    Spells: 0 memorised, 5 levels left

rFire  . . .     SeeInvis .       - Unarmed
rCold  . . .     Gourm    +     a - +0 robe
rNeg   . . .     Faith    .     (no shield)
rPois  .         Spirit   .     (helmet restricted)
rElec  .         Dismiss  .     t - +0 cloak
rCorr  .         Reflect  .     (gloves unavailable)
SustAt .         Harm     .     (boots unavailable)
MR     .....                    (no amulet)
Stlth  ++........               (no ring)
                                (no ring)

@: lethally poisoned (0 -> -2), not resistant to hostile enchantments,
unstealthy
A: unfitting armour, claws 3, fast metabolism 3, gourmand, regeneration 2,
shaggy fur 1, tough skin 2
a: no special abilities


You were on level 5 of the Dungeon.
You were very full.

You visited 1 branch of the dungeon, and saw 5 of its levels.

You collected 228 gold pieces.

Inventory:

Hand Weapons
 s - a +2 quarterstaff of chaos
Armour
 a - a +0 robe (worn)
 k - a +0 cloak
 t - a +0 cloak (worn)
Jewellery
 y - a +4 amulet of reflection {unknown}
Wands
 n - a wand of acid (9/15)
 q - a wand of flame (24/48)
Scrolls
 d - a scroll of remove curse
 e - a scroll of random uselessness
 f - 3 scrolls of identify
 g - a scroll of recharging {unknown}
 l - a scroll of amnesia {unknown}
 r - a scroll of teleportation {unknown}
Potions
 c - 2 potions of curing
 h - a potion of cancellation {unknown}
 i - 2 potions of flight {unknown}
 m - 3 potions of brilliance {unknown}
 p - a potion of ambrosia {unknown}
 u - 2 potions of haste {unknown}
 v - 2 potions of agility {unknown}
 w - a potion of invisibility {unknown}
 z - 2 potions of heal wounds {unknown}
 A - 2 potions of lignification {unknown}
Comestibles
 b - 3 bread rations
 j - a beef jerky
 o - a meat ration
 x - a royal jelly
 B - 2 chunks of flesh


   Skills:
 + Level 3.4 Fighting
 + Level 3.4 Dodging
 + Level 2.3 Stealth
 * Level 6.0 Unarmed Combat


You had 5 spell levels left.
You didn't know any spells.

Dungeon Overview and Level Annotations

Branches:
Dungeon (5/15)
 Temple: D:4-7

Altars:
Ru


Innate Abilities, Weirdness & Mutations

You are too large for most types of armour.
You have claws for hands.
Your metabolism is lightning-fast.
You like to eat raw meat.
You heal very quickly.
You are covered in fur (AC +1).
You have very tough skin (AC +2).


Message History

You barely miss the orc wizard.
The orc wizard is moderately wounded.
You feel sick. The orc misses you.
The scorpion stings you but does no damage.
You closely miss the orc wizard.
The orc wizard is moderately wounded.
You feel sick. The orc wizard closely misses you.
The orc hits you from afar with a trident.
* * * LOW HITPOINT WARNING * * *
The orc closely misses you. The scorpion misses you.
You scratch the orc wizard.
The orc wizard is severely wounded.
You feel sick.
The orc wizard miscasts a cantrip.
The orc hits you from afar with a trident.
* * * LOW HITPOINT WARNING * * *
The scorpion barely misses you. The orc barely misses you.
* * * LOW HITPOINT WARNING * * *
You feel sick.
You die...

. . #. .#. .[ ###.##
#.......# .....##
#.##.##.# #$...[#
#.##.##.####.o...#
#.##......# .o...#
#.####.##.#..#.#
#os.#
#.........#..#.###o#
######..........@..#
###..#....#####
#.......# #..<....#
#...##.## ##.###.#
#.. ..# ...####
#...#


You could see a scorpion and an orc wizard.

Vanquished Creatures
  An ice beast (D:5)
  A giant frog (D:4)
  An orc priest (D:3)
  Crazy Yiuf (D:3)
  An orc wizard (D:3)
  2 worker ants
  4 adders
  An ooze (D:3)
  3 worms
  4 giant geckos
  4 orcs
  A ball python (D:1)
  8 giant cockroaches
  7 goblins
  6 hobgoblins
  6 jackals
  2 quokkas
  7 bats
  4 giant newts
  7 kobolds
  8 rats
79 creatures vanquished.

Notes
Turn   | Place    | Note
--------------------------------------------------------------
     0 | D:1      | FrancescoMac the Troll Monk began the quest for the Orb.
     0 | D:1      | Reached XP level 1. HP: 22/22 MP: 0/0
   407 | D:1      | Reached XP level 2. HP: 29/29 MP: 1/1
   900 | D:2      | Reached XP level 3. HP: 36/36 MP: 2/2
  1358 | D:2      | Reached XP level 4. HP: 41/44 MP: 3/3
  1965 | D:3      | Reached skill level 5 in Unarmed Combat
  1970 | D:3      | Reached XP level 5. HP: 10/53 MP: 4/4
  2115 | D:3      | Noticed Crazy Yiuf
  2129 | D:3      | Killed Crazy Yiuf
  2728 | D:4      | Reached XP level 6. HP: 61/61 MP: 5/5
  2804 | D:4      | Noticed a sky beast
  2873 | D:4      | Found a sacrificial altar of Ru.
  2907 | D:5      | Entered Level 5 of the Dungeon
  2936 | D:5      | Noticed an ice beast
  2947 | D:5      | Killed an ice beast
  2947 | D:5      | Reached skill level 6 in Unarmed Combat
  2956 | D:5      | HP: 1/61 [orc/trident (3)]
  2958 | D:5      | Succumbed to a scorpion's poison

Vault maps used:
D:1:      evilmike_arrival_plus, serial_park_tiny_pond, minmay_tree_intersection
D:2:      kennysheep_big_flooded_room, minivault_14
D:3:      uniq_crazy_yiuf_cottage
D:4:      minmay_strange_pillars, nicolae_ru_the_path_less_chosen
D:5:      tso_oasis_becter, first_bread, nicolae_gozag_seed_capital

Action                   |  1- 3 |  4- 6 || total
-------------------------+-------+-------++-------
Melee: Unarmed           |   110 |   126 ||   236
  Use: Scroll            |       |     3 ||     3
 Stab: Sleeping          |     1 |     4 ||     5
  Eat: Chunk             |    18 |    14 ||    32
